 Dungeon Crawl Stone Soup version 0.28-a0-620-g539b0f7ac7 (webtiles) character file.

Game seed: 4869066787854848717

555 siradein the Insei (level 7, -4/51 HPs)
             Began as a Vampire Transmuter on Oct 7, 2021.
             Was a Follower of Okawaru.
             Slain by Menkaure (13 damage)
             ... on level 5 of the Dungeon.
             The game lasted 00:09:10 (3900 turns).

siradein the Insei (Vampire Transmuter)             Turns: 3900, Time: 00:09:10

Health: -4/51      AC:  5    Str:  9    XL:     7   Next: 8%
Magic:  20/20      EV: 13    Int: 17    God:    Okawaru [*.....]
Gold:   200        SH:  0    Dex: 15    Spells: 2/12 levels left

rFire   . . .      SeeInvis +     - Unarmed
rCold   + + .      Faith    .   (no shield)
rNeg    . . .      Spirit   .   k - +0 leather armour {rC+}
rPois   .          Reflect  .   (no helmet)
rElec   .          Harm     .   (no cloak)
rCorr   .          Rampage  .   c - +1 pair of gloves
Will    .....                   (no boots)
Stlth   +.........              (no amulet)
HPRegen 0.37/turn               a - ring of protection from cold
MPRegen 0.17/turn               n - ring of magical power

@: very slightly contaminated, healing quickly
A: alive, fangs 3, see invisible, vampiric 2
a: Exsanguinate, Renounce Religion, Heroism


You were on level 5 of the Dungeon.
You worshipped Okawaru.
Okawaru was aware of your devotion.
You visited 2 branches of the dungeon, and saw 6 of its levels.

You collected 200 gold pieces.

Inventory:

Armour
 c - a +1 pair of gloves (worn)
 k - a +0 leather armour of cold resistance (worn)
Jewellery
 a - a ring of protection from cold (left hand)
 n - a ring of magical power (right hand)
Wands
 i - a wand of flame (20)
 p - a wand of digging (1)
Scrolls
 d - 2 scrolls of teleportation
 e - 2 scrolls of identify {unknown}
 f - a scroll of magic mapping {unknown}
 j - a scroll of enchant armour {unknown}
 m - a scroll of noise {unknown}
Potions
 b - 2 potions of attraction {unknown}
 g - 2 potions of curing {unknown}
 h - 2 potions of brilliance {unknown}
 l - a potion of magic {unknown}
 o - a potion of heal wounds {unknown}


   Skills:
 + Level 2.7 Fighting
 + Level 3.8 Dodging
 + Level 4.5 Unarmed Combat
 + Level 3.3 Spellcasting
 + Level 3.8 Transmutations
 + Level 1.1 Ice Magic
 + Level 2.0 Poison Magic
 + Level 1.1 Invocations
 + Level 1.0 Evocations


You had 2 spell levels left.
You knew the following spells:

 Your Spells              Type           Power      Damage    Failure   Level
a - Beastly Appendage     Tmut           30%        N/A       4%          1
b - Wereblood             Tmut           15%        N/A       8%          2
c - Spider Form           Tmut/Pois      6%         N/A       22%         3
d - Ice Form              Ice/Tmut       11%        N/A       65%         4

Your spell library contained the following spells:

 Spells                   Type           Power      Damage    Failure   Level
 Pain                     Necr           8%         1d4       24%         1
 Static Discharge         Conj/Air       2%         N/A       36%         2
 Sublimation of Blood     Necr           1%         N/A       36%         2
 Dazzling Flash           Conj/Hex       4%         N/A       58%         3
 Vampiric Draining        Necr           1%         2d6       58%         3
 Dispel Undead            Necr           2%         3d7       94%         4
 Sticky Flame             Conj/Fire      2%         2d3       94%         4
 Agony                    Necr           2%         N/A       100%        5
 Fireball                 Conj/Fire      1%         3d3       100%        5
 Iskenderun's Battlesphe  Conj           2%         2d6       100%        5
 Silence                  Hex/Air        1%         N/A       100%        5
 Conjure Ball Lightning   Conj/Air       1%         3x3d6     100%        6
 Orb of Destruction       Conj           1%         N/A       100%        7
 Animate Skeleton         Necr           Unusable   N/A       N/A         1
 Summon Hydra             Summ           Unusable   N/A       N/A         7

Dungeon Overview and Level Annotations

Branches:
Dungeon (5/15)             Temple (1/1) D:4

Altars:
Dithmenos
Elyvilon
Hepliaklqana
Nemelex Xobeh
Okawaru
Qazlal
Ru
Trog
Uskayaw
Vehumet
Wu Jian
Xom
Zin

Shops:
D:1 (   D:4 (

Annotations:
D:5 Menkaure


Innate Abilities, Weirdness & Mutations

Your natural rate of healing is accelerated.
You have razor-sharp teeth.
You have supernaturally acute eyesight. (SInv)
You are afflicted with vampirism and can become a bat while bloodless.


Message History

Menkaure mumbles some strange words.
Menkaure seems to speed up.
You start waiting.
Menkaure is nearby!
Casting: Beastly Appendage (safe; 4% risk of failure)
Press: ? - help, Q - select action, (/) - cycle Dir - look around, f - activate You miscast Beastly Appendage.
You are very lightly contaminated with residual magic.
Nothing appears to happen.
You hit Menkaure.
Menkaure is lightly damaged.
Menkaure barely misses you.
You hit Menkaure.
Menkaure is moderately damaged.
Menkaure barely misses you.
You hit Menkaure.
Menkaure is moderately damaged.
Menkaure calls on the powers of darkness!
Your body is wracked with pain!
You hit Menkaure but do no damage.
Menkaure is moderately damaged.
Menkaure calls on the powers of darkness!
Your body is wracked with pain!
* * * LOW HITPOINT WARNING * * *
You are too injured to fight recklessly!
You are too injured to fight recklessly!
You hit Menkaure.
Menkaure is heavily damaged.
Menkaure hits you.
* * * LOW HITPOINT WARNING * * *
Menkaure closely misses you.
You hit Menkaure but do no damage.
Menkaure is heavily damaged.
Menkaure points at you and mumbles some strange words.
Pain shoots through your body!
* * * LOW HITPOINT WARNING * * *
You hit Menkaure.
Menkaure is heavily damaged.
Menkaure hits you!
You die...

#......(.# #.#
###########.#.
########## #.#
#.........#.#.
#.#
#.#######.#.#.
#.#
#.#<....#.#.#.
#.#
#...........#.
#.#
#######.#.###.
#.# #....#.#
#.### #......#
#..@# ########
###M##########
#.......M...
############


You could see Menkaure (fast).

Vanquished Creatures
  A necrophage (D:4)
  A water moccasin zombie (D:5)
  3 scorpions
  A howler monkey (D:5)
  An iguana (D:5)
  An orc wizard (D:5)
  6 adders
  A worm (D:3)
  4 dart slugs
  8 orcs
  4 ball pythons (D:1)
  2 bats
  3 endoplasms
  7 giant cockroaches
  8 goblins
  7 hobgoblins
  8 jackals
  7 kobolds
  A quokka (D:2)
  A frilled lizard (D:3)
  A quokka skeleton (D:4)
  5 rats
81 creatures vanquished.

Notes
Turn   | Place    | Note
-------+----------+-------------------------------------------
     0 | D:1      | siradein the Vampire Transmuter began the quest for the
                  | Orb.
     0 | D:1      | Reached XP level 1. HP: 14/14 MP: 3/3
    66 | D:1      | Reached skill level 1 in Fighting
   121 | D:1      | Reached XP level 2. HP: 11/18 MP: 5/5
   124 | D:1      | Learned a level 2 spell: Wereblood
   151 | D:1      | Found a faded altar of an unknown god.
   164 | D:1      | Found Roubbeq's Antique Weapon Boutique.
   407 | D:1      | Gained mutation: You are afflicted with vampirism and can
                  | become a bat while bloodless. [Vampire growth]
   407 | D:1      | Reached XP level 3. HP: 19/23 MP: 2/6
   421 | D:1      | Learned a level 3 spell: Spider Form
  1562 | D:3      | Found a sacrificial altar of Ru.
  1852 | D:3      | Reached XP level 4. HP: 29/29 MP: 5/7
  2345 | D:4      | Noticed a scorpion
  2360 | D:4      | Killed a scorpion
  2361 | D:4      | Reached skill level 1 in Poison Magic
  2361 | D:4      | Reached XP level 5. HP: 16/38 MP: 5/9
  2478 | D:4      | Reached skill level 4 in Unarmed Combat
  2589 | D:4      | Noticed a necrophage
  2684 | D:4      | Killed a necrophage
  2779 | D:4      | Found a staircase to the Ecumenical Temple.
  2816 | Temple   | Entered the Ecumenical Temple
  2915 | Temple   | Became a worshipper of Warmaster Okawaru
  2929 | Temple   | Learned a level 4 spell: Ice Form
  2987 | D:4      | Found Ruaniohaso's Weapon Shoppe.
  3039 | D:4      | Found an ornate altar of the Wu Jian Council.
  3160 | D:5      | Entered Level 5 of the Dungeon
  3238 | D:5      | Reached XP level 6. HP: 32/46 MP: 7/10
  3316 | D:5      | Found a hide-covered altar of Uskayaw.
  3540 | D:5      | Reached skill level 1 in Ice Magic
  3540 | D:5      | Reached skill level 1 in Invocations
  3645 | D:5      | Reached skill level 1 in Evocations
  3804 | D:5      | Reached XP level 7. HP: 51/51 MP: 11/11
  3838 | D:5      | Reached * piety under Okawaru
  3884 | D:5      | Noticed Menkaure
  3900 | D:5      | Slain by Menkaure

Illustrated notes

Levels and vault maps discovered:
D:1:      minmay_arrival_hallway, layout_rooms, serial_shops,
          nicolae_shop_trees, shapermc_ecumenical_altar_mp_highgroup,
          hangedman_feature_mirror
D:2:      layout_loops_ring, minivault_11, minmay_misc_feat_diagonals,
          hangedman_abyss_or_decor_lesser_grid
D:3:      layout_loops_corners, mainiacjoe_overflow_tiny_flanked,
          minmay_goblin_outpost
D:4:      layout_basic, nzn_wu_jian_contemplation, kennysheep_little_box,
          minmay_temple_entry_butterflies, serial_shops, shop, serial_glass,
          glass_columns_a, glass_columns_a
D:5:      layout_basic, eat_drink_and_be_merry_uskayaw, uniq_menkaure
Temple:   dpeg_three_leaves_temple

Skill      XL: |  1  2  3  4  5  6  7 |
---------------+----------------------+-----
Fighting       | 1 2 |  2.7
Dodging        | 3 |  3.8
Transmutations | 3 |  3.8
Poison Magic   | 1 2 |  2.0
Unarmed Combat | 4 |  4.5
Spellcasting   | 3 |  3.3
Ice Magic      | 1 |  1.1
Invocations    | 1 |  1.1
Evocations     | 1 |  1.0

Action                   |  1- 3 |  4- 6 |  7- 9 || total
-------------------------+-------+-------+-------++-------
Melee: Unarmed           |   116 |   168 |    15 ||   299
       Kick              |    25 |    31 |     3 ||    59
       Headbutt          |    16 |    19 |     1 ||    36
       Pseudopods        |     6 |    12 |     1 ||    19
       Bite              |       |     3 |       ||     3
 Cast: Beastly Appendage |    26 |    17 |     1 ||    44
       Wereblood         |     3 |    11 |     1 ||    15
 Abil: Exsanguinate      |     1 |       |       ||     1
       Revivify          |     1 |       |       ||     1
  Use: Scroll            |       |     1 |       ||     1
 Stab: Sleeping          |     1 |       |       ||     1
Armor: Robe              |    34 |    20 |       ||    54
       Leather armour    |       |    32 |     6 ||    38
Dodge: Dodged            |    69 |   111 |     5 ||   185

Table legend: (Time is in decaauts)
 A = Elapsed time spent in this place.
 B = Non-inter-level travel time spent in this place.
 C = Inter-level travel time spent in this place.
 D = Time resting spent in this place.
 E = Time spent auto-exploring this place.
 F = Levels seen in this place.
 G = Mean time per level.
                   A        B        C        D        E       F      G
               +--------+--------+--------+--------+--------+-----+--------+
         Total |   3876 |   3811 |     65 |     11 |   2914 |   6 |  646.0 |
       Dungeon |   3762 |   3697 |     65 |     11 |   2846 |   5 |  752.4 |
        Temple |    113 |    113 |      0 |      0 |     68 |   1 |  113.0 |
               +--------+--------+--------+--------+--------+-----+--------+

Top non-repeatable levels by time:
     D:3: 987 daAuts
     D:5: 730 daAuts
     D:4: 719 daAuts
     D:1: 677 daAuts
     D:2: 648 daAuts
  Temple: 113 daAuts
